 Dungeon Sprint DCSS version 0.31-a0-960-g0fca184906 (webtiles) character file.

Game seed: 16557168003822328795

28126 rocky1 the Wrestler (level 13, 0/85 HPs)
             Began as a Tengu Shapeshifter on Oct 23, 2023.
             Was an Initiate of Gozag.
             Killed from afar by a gargoyle (18 damage)
             ... with a stone arrow
             ... in the Dungeon (Sprint VII: "The Pits").
             The game lasted 00:14:55 (4701 turns).

rocky1 the Wrestler (Tengu Shapeshifter)            Turns: 4701, Time: 00:14:56

Health: 0/85       AC: 14    Str: 19    XL:     13   Next: 36%
Magic:  24/24      EV: 37    Int: 11    God:    Gozag
Gold:   1982       SH:  0    Dex: 17    Spells: 19/25 levels left

rFire   + +          .
                       - Unarmed
rCold   + . .        (no shield)
rNeg    . . .        I - +6 ring mail of the Sun {rF- Dex+3 Slay+5}
rPois   +            (helmet currently unavailable)
rElec   +            (cloak currently unavailable)
rCorr   +            (gloves currently unavailable)
SInv    .            (boots unavailable)
Will    .....        (no amulet)
Stlth   +            E - ring of protection from fire
HPRegen 0.34/turn    C - ring of protection from fire
MPRegen 0.19/turn

%: no teleportation, acrobat
@: mighty, beast-form, resistant, gold aura, acrobatic, flying
A: beast (slay +4), flying, beak, talons 3, evasive flight, acrobatic
a: Begin Untransformation, Renounce Religion, Potion Petition, Call Merchant,
Bribe Branch


You were in the Dungeon.
You worshipped Gozag.
Gozag was most pleased with you.
You were a hulking beast.
You visited 1 branch You collected 9070 gold pieces.
You spent 2321 gold pieces at shops.
You paid 4767 gold pieces to Gozag.

Inventory:

Armour
 a - the +3 pair of gloves of Parts Unknown {rElec}
   (You bought it in a shop in the Dungeon)

   rElec:     It insulates you from electricity.
 o - a +3 ring mail
 t - a +3 plate armour
 G - a +0 robe
 I - the +6 ring mail of the Sun (worn) {rF- Dex+3 Slay+5}
   (You found it in the Dungeon)

   Dex+3:     It affects your dexterity (+3).
   Slay+5:    It affects your accuracy & damage with ranged weapons and melee
   (+5).
   rF-:       It makes you vulnerable to fire.
Jewellery
 q - a +3 ring of intelligence
 r - a +3 ring of strength
 v - a ring of positive energy
 C - a ring of protection from fire (right hand)
 E - a ring of protection from fire (left hand)
Talismans
 c - a beast talisman (active)
 d - a flux talisman
 D - the storm talisman of Chill Winds {Dex+5}
   (You bought it in a shop in the Dungeon)

   [storm talisman]

   Dex+5:     It affects your dexterity (+5).
 H - the granite talisman "Cuamn" {rF+}
   (You found it in the Dungeon)

   [granite talisman]

   rF+:       It protects you from fire.
Wands
 w - a wand of paralysis (3)
 B - a wand of flame (17) (quivered)
 F - a wand of polymorph (8)
Scrolls
 j - 3 scrolls of blinking
 l - 2 scrolls of vulnerability
 m - 5 scrolls of amnesia
 n - a scroll of summoning
 u - a scroll of poison
 x - a scroll of identify
 y - 2 scrolls of enchant armour
 z - a scroll of fog
 A - 2 scrolls of fear
Potions
 b - a potion of lignification
 e - 7 potions of curing
 f - 6 potions of heal wounds
 g - 2 potions of haste
 h - 4 potions of magic
 i - 5 potions of berserk rage
 k - a potion of invisibility
 p - 2 potions of might
 s - 2 potions of mutation


   Skills:
 + Level 11.6 Fighting
 + Level 15.9 Armour
 + Level 12.8 Dodging
 + Level 23.8 Unarmed Combat
 * Level 6.9 Spellcasting
 * Level 7.9 Fire Magic
 * Level 9.4 Air Magic
 + Level 0.3 Evocations
 * Level 10.0 Shapeshifting


You had 19 spell levels left.
You knew the following spells:

 Your Spells              Type           Power      Damage    Failure   Level
a - Plasma Beam           Fire/Air       11%        2x1d22    71%         6

Your spell library contained the following spells:

 Spells                   Type           Power      Damage    Failure   Level
 Foxfire                  Conj/Fire      48%        2x1d6     4%          1
 Apportation              Tloc           6%         N/A       26%         1
 Vhi's Electric Charge    Tloc/Air       28%        N/A       34%         4
 Jinxbite                 Hex            6%         N/A       36%         2
 Iskenderun's Mystic Bla  Conj/Tloc      3%         2d3       94%         4
 Alistair's Intoxication  Tmut/Pois      2%         N/A       100%        5
 Starburst                Conj/Fire      6%         6d4       100%        6
 Malign Gateway           Summ/Tloc      1%         N/A       100%        7


Dungeon Overview and Level Annotations

Branches:
Dungeon (1/1)

Altars:
Ashenzari
Cheibriados
Dithmenos
Elyvilon
Fedhas
Gozag
Hepliaklqana
Kikubaaqudgha
Makhleb
Nemelex Xobeh
Okawaru
Qazlal
Ru
Sif Muna
Trog
Uskayaw
Vehumet
Wu Jian
Xom
Yredelemnul
Zin
The Shining One
Jiyva
Lugonu

Shops:
D =[[


Innate Abilities, Weirdness & Mutations

You are a hulking beast.
Your limbs bulge with bestial killing power. (Slay +4)
You are flying.
You have a beak for a mouth.
You have claws for feet.
Your magical flight helps you evade attacks. (EV +4)
You can magically evade attacks while moving or waiting.


Message History

The centaur is no longer distracted by gold.
You pummel the wind drake!!
You kill the wind drake!
The scorpion is distracted by your dazzling golden aura.
Your Shapeshifting skill increases to level 10!
You pound the scorpion into fine dust!!!
You kill the scorpion!
The centaur is distracted by your dazzling golden aura.
Found a +1 vampiric short sword.
You see here 153 gold pieces.
Found the +7 short sword of Causality {antimagic, SInv}.
You see here a staff of earth.
The centaur shouts!
You pound the orange demon into fine dust!!!
The orange demon is no longer distracted by gold.
You claw the orange demon!!
You kill the orange demon!
Found a potion of cancellation.
Things that are here:
36 gold pieces; the +2 short sword of Uxta Qidd {heavy, Str+2} You punch the centaur!
The centaur is no longer distracted by gold.
You claw the centaur!
You kill the centaur!
A gargoyle comes into view. It is wielding a +0 morningstar.
Found a staff of cold.
You feel yourself slow down.
The gargoyle hurls a stone arrow at you.
The stone arrow misses you.
A gargoyle comes into view. It is wielding a +0 mace.
Items here: $ ))).
You pulverise the gargoyle!!!
You destroy the gargoyle!
The gargoyle hurls a stone arrow at you.
The stone arrow hits you!
* * * LOW HITPOINT WARNING * * *
The gargoyle hurls a stone arrow at you.
The stone arrow hits you!!
You die...
Your body crumbles into a pile of gold.

#.... ######################..#.
....................''....
.........$....)$)...''....
..#############$##..##..#.
#9#.#)#.#.#$#..##....
#.#!#.#$#$##..##....
#|#.#|#)#|#..####''
#h#$#.#.##..####''
#.#$#.#.#.#..##.)..
###########..##.#)# ######
...##.#). ____.# #.')) ____.#
#.#..
__...###########++###########.+.)
####'##................##..##.##+
)))'.##......#..#......##..##.


You could see a gargoyle.

Vanquished Creatures
  2 deep elf blademasters (D)
  Agnes (D)
  A frost giant (D)
  A fire dragon (D)
  2 great orbs of eyes (D)
  Erolcha (D)
  A hydra (D)
  An ice dragon (D)
  2 centaur warriors (D)
  An ogre mage (D)
  A merfolk avatar (D)
  A two-headed ogre (D)
  Erica (D)
  2 vampire magi (D)
  A death yak (D)
  An orc high priest (D)
  A demonic crawler (D)
  A sun demon (D)
  A fire crab (D)
  A swamp dragon (D)
  A deep troll (D)
  2 deep elf pyromancers (D)
  2 cyclopes (D)
  An orc sorcerer (D)
  A manticore (D)
  A black mamba (D)
  A merfolk siren (D)
  2 eyes of devastation (D)
  An orange demon (D)
  A gargoyle (D)
  2 cane toads (D)
  A guardian mummy (D)
  2 polar bears (D)
  2 hellwings (D)
  A wind drake (D)
  3 glass eyes (D)
  5 blink frogs (D)
  A snapping turtle (D)
  A jumping spider (D)
  A spriggan (D)
  A wyvern (D)
  A hog (shapeshifter) (D)
  A vampire (D)
  7 yaks (D)
  A basilisk (D)
  5 vampire mosquitoes (D)
  A redback (D)
  A swamp drake (D)
  2 orc warriors (D)
  An ice beast (D)
  A black bear (D)
  A wolf (D)
  3 centaurs (D)
  2 ogres (D)
  A kobold brigand (D)
  3 scorpions (D)
  A crimson imp (D)
  A gnoll bouda (D)
  An orc priest (D)
  An iguana (D)
  An orc wizard (D)
  2 hell rats (D)
  A mummy (D)
  2 gnolls (D)
  An adder (D)
  An ufetubus (D)
  11 orcs (D)
  3 ball pythons (D)
  A bat zombie (D)
  A hobgoblin (D)
  A kobold (D)
  4 ball python skeletons (D)
  A frilled lizard (D)
  A giant cockroach zombie (D)
  2 rats (D)
125 creatures vanquished.

Notes
Turn   | Place    | Note
-------+----------+-------------------------------------------
     0 | D        | rocky1 the Tengu Shapeshifter began the quest for the Orb.
     0 | D        | Reached XP level 1. HP: 12/12 MP: 2/2
    17 | D        | Noticed a glass eye
    37 | D        | Killed a glass eye
    38 | D        | Reached skill level 5 in Dodging
    38 | D        | Reached skill level 7 in Unarmed Combat
    38 | D        | Reached XP level 2. HP: 20/20 MP: 3/3
    38 | D        | Reached XP level 3. HP: 24/24 MP: 4/4
    38 | D        | Reached XP level 4. HP: 30/30 MP: 5/5
    38 | D        | Reached XP level 5. HP: 34/34 MP: 6/6
   211 | D        | Found a bloodstained altar of Trog.
   211 | D        | Found a shimmering blue altar of Sif Muna.
   211 | D        | Found a viscous altar of Jiyva.
   211 | D        | Found a hazy altar of Hepliaklqana.
   211 | D        | Found an opulent altar of Gozag.
   212 | D        | Found a glowing golden altar of the Shining One.
   212 | D        | Found a glowing silver altar of Zin.
   212 | D        | Found a basalt altar of Yredelemnul.
   212 | D        | Found a shimmering altar of Xom.
   212 | D        | Found an ornate altar of the Wu Jian Council.
   212 | D        | Found a sacrificial altar of Ru.
   212 | D        | Found a stormy altar of Qazlal.
   212 | D        | Found an iron altar of Okawaru.
   212 | D        | Found a sparkling altar of Nemelex Xobeh.
   212 | D        | Found a burning altar of Makhleb.
   212 | D        | Found a blossoming altar of Fedhas.
   212 | D        | Found a white marble altar of Elyvilon.
   212 | D        | Found a shadowy altar of Dithmenos.
   212 | D        | Found a snail-covered altar of Cheibriados.
   215 | D        | Found a corrupted altar of Lugonu.
   215 | D        | Found a radiant altar of Vehumet.
   216 | D        | Found an ancient bone altar of Kikubaaqudgha.
   216 | D        | Found a hide-covered altar of Uskayaw.
   216 | D        | Found a broken altar of Ashenzari.
   219 | D        | Became a worshipper of Gozag Ym Sagoz the Greedy
   249 | D        | Noticed a glass eye
   254 | D        | Killed a glass eye
   255 | D        | Reached skill level 5 in Fighting
   255 | D        | Reached skill level 9 in Unarmed Combat
   255 | D        | Reached skill level 5 in Shapeshifting
   255 | D        | Reached XP level 6. HP: 37/40 MP: 7/7
   684 | D        | Noticed a glass eye
   710 | D        | Gained mutation: Your magical flight helps you evade
                  | attacks. (EV +4) [Tengu growth]
   710 | D        | Reached XP level 7. HP: 46/46 MP: 8/8
   718 | D        | Killed a glass eye
   719 | D        | Reached skill level 10 in Unarmed Combat
  1334 | D        | Noticed a wyvern
  1338 | D        | Killed a wyvern
  1339 | D        | Reached skill level 11 in Unarmed Combat
  1339 | D        | Reached XP level 8. HP: 53/53 MP: 9/9
  1910 | D        | Noticed a merfolk siren
  1910 | D        | Noticed a hellwing
  1942 | D        | Killed a hellwing
  1943 | D        | Reached skill level 12 in Unarmed Combat
  1951 | D        | Killed a merfolk siren
  1952 | D        | Reached XP level 9. HP: 35/60 MP: 10/10
  2242 | D        | Reached skill level 13 in Unarmed Combat
  2251 | D        | Reached skill level 10 in Fighting
  2555 | D        | Noticed a merfolk avatar
  2555 | D        | Noticed a deep troll
  2564 | D        | Killed a deep troll
  2565 | D        | Reached skill level 10 in Armour
  2565 | D        | Reached skill level 14 in Unarmed Combat
  2565 | D        | Noticed a great orb of eyes
  2589 | D        | Killed a merfolk avatar
  2590 | D        | Reached XP level 10. HP: 68/68 MP: 11/11
  2595 | D        | Killed a great orb of eyes
  2596 | D        | Reached skill level 10 in Dodging
  2596 | D        | Reached skill level 15 in Unarmed Combat
  2619 | D        | Noticed Erica
  2627 | D        | Reached skill level 16 in Unarmed Combat
  2660 | D        | Killed Erica
  2661 | D        | Reached skill level 17 in Unarmed Combat
  2863 | D        | Noticed a deep elf pyromancer
  2865 | D        | Killed a deep elf pyromancer
  2878 | D        | Reached XP level 11. HP: 54/73 MP: 12/12
  3045 | D        | Bought the +3 pair of gloves of Parts Unknown {rElec} for
                  | 502 gold pieces
  3067 | D        | Noticed Erolcha
  3067 | D        | Noticed a centaur warrior
  3068 | D        | Noticed a sun demon
  3076 | D        | Killed a centaur warrior
  3077 | D        | Reached skill level 18 in Unarmed Combat
  3080 | D        | Killed a sun demon
  3089 | D        | Killed Erolcha
  3090 | D        | Reached skill level 19 in Unarmed Combat
  3206 | D        | Noticed an orc high priest
  3206 | D        | Noticed an orc sorcerer
  3206 | D        | Noticed a demonic crawler
  3216 | D        | Killed an orc high priest
  3234 | D        | Killed a demonic crawler
  3235 | D        | Reached skill level 20 in Unarmed Combat
  3252 | D        | Killed an orc sorcerer
  3395 | D        | Learned a level 6 spell: Plasma Beam
  3442 | D        | Bought the storm talisman of Chill Winds {Dex+5} for 1819
                  | gold pieces
  3469 | D        | Reached skill level 1 in Air Magic
  3472 | D        | Reached skill level 1 in Spellcasting
  3472 | D        | Reached skill level 1 in Fire Magic
  3482 | D        | Reached skill level 21 in Unarmed Combat
  3552 | D        | Noticed a death yak
  3552 | D        | Noticed a vampire mage
  3563 | D        | Killed a death yak
  3564 | D        | Reached XP level 12. HP: 77/79 MP: 14/16
  3567 | D        | Killed a vampire mage
  3729 | D        | Noticed a four-headed hydra
  3741 | D        | Killed a four-headed hydra
  4110 | D        | Noticed a centaur warrior
  4117 | D        | Killed a centaur warrior
  4118 | D        | Reached skill level 5 in Air Magic
  4303 | D        | Noticed a vampire mage
  4303 | D        | Noticed a great orb of eyes
  4303 | D        | Noticed a frost giant
  4303 | D        | Noticed an ice dragon
  4303 | D        | Noticed an ogre mage
  4303 | D        | Noticed a two-headed ogre
  4306 | D        | Killed a frost giant
  4307 | D        | Reached skill level 15 in Armour
  4307 | D        | Reached skill level 22 in Unarmed Combat
  4310 | D        | Killed a great orb of eyes
  4311 | D        | Reached skill level 5 in Fire Magic
  4313 | D        | Killed a two-headed ogre
  4319 | D        | Killed a vampire mage
  4325 | D        | Killed an ice dragon
  4328 | D        | Killed an ogre mage
  4329 | D        | Reached skill level 5 in Spellcasting
  4333 | D        | Got the Papyrus of the Twisted Queen Bee
  4357 | D        | Got the granite talisman "Cuamn" {rF+}
  4365 | D        | Got the +6 ring mail of the Sun {rF- Dex+3 Slay+5}
  4614 | D        | Noticed a fire dragon
  4617 | D        | Noticed a deep elf blademaster
  4622 | D        | Killed a deep elf blademaster
  4629 | D        | Reached skill level 23 in Unarmed Combat
  4633 | D        | Killed a fire dragon
  4634 | D        | Reached XP level 13. HP: 36/84 MP: 22/22
  4649 | D        | Noticed a deep elf blademaster
  4659 | D        | Noticed Agnes
  4666 | D        | Killed a deep elf blademaster
  4674 | D        | Killed Agnes
  4693 | D        | Reached skill level 10 in Shapeshifting
  4701 | D        | Killed from afar by a gargoyle

Illustrated notes

Levels and vault maps discovered:
D:        pitsprint [storerooms_1, entrance_room_1, metal_vault_1, armoury_2,
          mini_pit_1, grid_room_1, main_hall_1, silver_pit, the_coven_2,
          the_vestibule_1, steel_vault_5, golden_pit, hallway_of_sentries,
          crystal_vault_6, iron_vault_3, final_vault]

Skill      XL: |  1  2  3  4  5  6  7  8  9 10 11 12 13 |
---------------+----------------------------------------+-----
Fighting       | 4 5 6 7 9 10 11 | 11.6
Armour         | 4 6 7 8 10 12 14 15 | 15.9
Dodging        | 5 6 7 8 9 11 12 | 12.8
Unarmed Combat | 7 9 11 12 14 17 21 23 | 23.8
Shapeshifting  | 4 5 6 7 8 9 10 | 10.0
Air Magic      | 2 7 9 |  9.4
Spellcasting   | 2 5 6 |  6.9
Fire Magic     | 2 6 7 |  7.9
Evocations     | |  0.3

Action                     |  1- 3 |  4- 6 |  7- 9 | 10-12 | 13-15 || total
---------------------------+-------+-------+-------+-------+-------++-------
  Melee: Unarmed           |    19 |    31 |   111 |   211 |    32 ||   404
         Peck              |     4 |     7 |    19 |    32 |     4 ||    66
         Kick              |     2 |     9 |    32 |    54 |    14 ||   111
         Punch             |     1 |       |     2 |    27 |     2 ||    32
 Invoke: Potion Petition   |       |       |     2 |     3 |     1 ||     6
         Call Merchant     |       |       |       |     3 |       ||     3
  Evoke: Wand              |       |       |       |       |     3 ||     3
    Use: Potion            |       |       |     1 |     8 |     6 ||    15
         Scroll            |       |       |       |       |     1 ||     1
   Stab: Sleeping          |       |     1 |       |       |       ||     1
         Distracted        |       |       |     3 |     1 |       ||     4
         Confused          |       |       |       |     1 |       ||     1
         Invisible         |       |       |       |     3 |       ||     3
 Armour: Animal skin       |       |     8 |       |       |       ||     8
         Plate armour      |       |     6 |    63 |    95 |       ||   164
         Skin              |       |       |     5 |     4 |       ||     9
         Ring mail         |       |       |       |     6 |    16 ||    22
  Dodge: Dodged            |       |    14 |    97 |   124 |    15 ||   250
   Form: Storm             |       |       |       |     1 |       ||     1
         Beast             |       |       |       |     1 |       ||     1

Table legend: (Time is in decaauts)
 A = Elapsed time spent in this place.
 B = Non-inter-level travel time spent in this place.
 C = Inter-level travel time spent in this place.
 D = Time resting spent in this place.
 E = Time spent auto-exploring this place.
 F = Levels seen in this place.
 G = Mean time per level.
                   A        B        C        D        E       F      G
               +--------+--------+--------+--------+--------+-----+--------+
         Total |   4543 |   4476 |     67 |   3160 |      0 |   1 | 4543.0 |
       Dungeon |   4543 |   4476 |     67 |   3160 |      0 |   1 | 4543.0 |
               +--------+--------+--------+--------+--------+-----+--------+

Top non-repeatable levels by time:
       D: 4543 daAuts
